 Dungeon Crawl Stone Soup version 0.28-a0-723-g095bd1b44f (webtiles) character file.

Game seed: 16991542263784442812

25 porpoise the Skirmisher (level 3, 0/30 HPs)
             Began as a Formicid Fighter on Oct 26, 2021.
             Slain by a phantom (4 damage)
             ... on level 2 of the Dungeon.
             The game lasted 00:03:38 (1291 turns).

porpoise the Skirmisher (Formicid Fighter)          Turns: 1291, Time: 00:03:38

Health: 0/30       AC:  6    Str: 21    XL:     3   Next: 20%
Magic:  3/3        EV:  9    Int:  7    God:
Gold:   52         SH:  4    Dex: 10    Spells: 2/2 levels left

rFire   . . .      SeeInvis +   a - +0 flail
rCold   . . .      Faith    .   c - +0 buckler
rNeg    . . .      Spirit   .   f - +0 scale mail
rPois   .          Reflect  .   (helmet unavailable)
rElec   .          Harm     .   (no cloak)
rCorr   .          Rampage  .   (no gloves)
Will    .....                   (no boots)
Stlth   ..........              (no amulet)
HPRegen 0.10/turn               (no ring)
MPRegen 0.08/turn               (no ring)

@: very slow
A: permanent stasis, dig shafts and tunnels, antennae 3, four strong arms
a: Dig, Shaft Self


You were on level 2 of the Dungeon.
You visited 1 branch of the dungeon, and saw 2 of its levels.

You collected 52 gold pieces.

Inventory:

Hand Weapons
 a - a +0 flail (weapon)
 b - a +0 hunting sling
 g - a +1 whip of flaming
Missiles
 i - 40 stones
Armour
 c - a +0 buckler (worn)
 f - a +0 scale mail (worn)
Scrolls
 e - a scroll of fear {unknown}
 h - a scroll of enchant armour {unknown}
 j - 2 scrolls of identify {unknown}
Potions
 d - a potion of might


   Skills:
 + Level 4.0 Fighting
 + Level 2.8 Maces & Flails
 - Level 3.2 Armour
 - Level 3.6 Shields


You had 2 spell levels left.
You didn't know any spells.
Your spell library contained the following spells:

 Spells                   Type           Power      Damage    Failure   Level
 Stone Arrow              Conj/Erth      0%         3d7       98%         3
 Animate Armour           Summ/Erth      0%         N/A       100%        4
 Lehudib's Crystal Spear  Conj/Erth      0%         10d2      100%        8


Dungeon Overview and Level Annotations

Branches:
Dungeon (2/15)

Altars:


Innate Abilities, Weirdness & Mutations

You cannot be hasted, slowed, berserked, paralysed or teleported.
You can dig through walls and to a lower floor.
You have a pair of large antennae on your head. (SInv)
Your four strong arms can wield two-handed weapons with a shield.


Message History

Your unstable footing causes you to fumble your attack.
The phantom hits you.
The phantom hits you but does no damage.
You hit the phantom but do no damage.
The phantom is moderately damaged.
The phantom hits you.
You are too injured to fight recklessly!
You are too injured to fight recklessly!
You are too injured to fight recklessly!
You closely miss the phantom.
The phantom is moderately damaged.
The phantom hits you.
You miss the phantom.
The phantom is moderately damaged.
The phantom hits you but does no damage.
You barely miss the phantom.
The phantom is moderately damaged.
The phantom hits you.
* * * LOW HITPOINT WARNING * * *
You hit the phantom.
The phantom is heavily damaged.
The phantom barely misses you. You block the phantom's attack.
You closely miss the phantom.
The phantom is heavily damaged.
The phantom hits you.
* * * LOW HITPOINT WARNING * * *
Your unstable footing causes you to fumble your attack.
You block the phantom's attack.
You closely miss the phantom.
The phantom is heavily damaged.
The phantom hits you.
* * * LOW HITPOINT WARNING * * *
The phantom completely misses you.
You barely miss the phantom.
The phantom is heavily damaged.
The phantom hits you.
* * * LOW HITPOINT WARNING * * *
Your unstable footing causes you to fumble your attack.
The phantom hits you.
You die...

.......<..#♣♣≈.≈PP≈#
.........## ♣≈.≈≈♣##
#.#####..# ♣≈.≈≈♣#
#..##♣♣≈.≈≈≈##
...##≈≈P.≈≈≈P#
....#≈♣≈≈.≈≈P♣♣
.....# ♣≈P.≈≈≈♣
....#.# ♣≈≈.≈≈≈♣♣
#≈♣≈.≈@≈≈♣
...≈≈.≈≈WP≈≈≈≈≈
##.##♣.≈≈≈≈≈≈≈≈≈ #.
.......!....
......≈≈≈≈≈≈≈≈≈
.!##≈≈P≈≈≈≈≈≈≈≈ .
#≈≈P≈≈≈≈≈≈≈P
##≈P≈≈≈≈≈≈≈≈


You could see a phantom.

Vanquished Creatures
  A dart slug (D:1)
  An endoplasm (D:1)
  2 goblins (D:1)
  3 hobgoblins (D:1)
  3 kobolds (D:1)
  2 quokkas (D:1)
  A ball python (D:1)
  5 bats (D:1)
  4 rats (D:1)
22 creatures vanquished.

Vanquished Creatures (others)
  A plant (D:2)
1 creature vanquished.

Grand Total: 23 creatures vanquished

Notes
Turn   | Place    | Note
-------+----------+-------------------------------------------
     0 | D:1      | porpoise the Formicid Fighter began the quest for the Orb.
     0 | D:1      | Reached XP level 1. HP: 18/18 MP: 1/1
   170 | D:1      | Reached XP level 2. HP: 21/24 MP: 2/2
   790 | D:1      | Reached XP level 3. HP: 30/30 MP: 3/3
  1079 | D:1      | Reached skill level 4 in Fighting
  1271 | D:2      | Noticed a phantom
  1291 | D:2      | Slain by a phantom

Illustrated notes

Levels and vault maps discovered:
D:1:      dpeg_arrival_three_bigger_balls, layout_basic
D:2:      layout_loops_ring, chequers_ecumenical_altar_simple,
          serial_bayou_lagoon_b, uniq_natasha, uniq_sigmund, uniq_terence

Skill      XL: |  1  2  3 |
---------------+----------+-----
Fighting       | 4 |  4.0
Maces & Flails | |  2.8
Armour         | |  3.2
Shields        | |  3.6

Action                   || total
-------------------------++-------
Melee: Whip              ||    20
       Flail             ||    63
 Fire: Hunting sling     ||    14
Armor: Scale mail        ||    29
Dodge: Dodged            ||    38
Block: Buckler           ||    14

Table legend: (Time is in decaauts)
 A = Elapsed time spent in this place.
 B = Non-inter-level travel time spent in this place.
 C = Inter-level travel time spent in this place.
 D = Time resting spent in this place.
 E = Time spent auto-exploring this place.
 F = Levels seen in this place.
 G = Mean time per level.
                   A        B        C        D        E       F      G
               +--------+--------+--------+--------+--------+-----+--------+
         Total |   1304 |   1299 |      5 |    452 |    631 |   2 |  652.0 |
       Dungeon |   1304 |   1299 |      5 |    452 |    631 |   2 |  652.0 |
               +--------+--------+--------+--------+--------+-----+--------+

Top non-repeatable levels by time:
     D:1: 1252 daAuts
     D:2: 52 daAuts
